[Event "NOR-ch Youth 2019"]
[Site "Skien"]
[Date "2019.11.08"]
[Round "2.23"]
[White "Lindstad, Victor"]
[Black "Haug, Havard"]
[Result "0-1"]
[ECO "B62"]
[WhiteElo "1068"]
[BlackElo "1544"]
[Annotator "NA RC"]
[PlyCount "84"]
[EventDate "2019.11.08"]
[EventType "swiss"]
[EventCountry "NOR"]
[SourceTitle "playchess.com"]
[Source "ChessBase"]
[SourceQuality "1"]
[TimeControl "2400+10"]

1. e4 c5 2. Nf3 Nc6 3. d4 cxd4 4. Nxd4 Nf6 5. Nc3 d6 6. Bc4 e6 7. Bg5 Be7 8. O-O O-O 9. Qf3 Nxd4 10. Qd3 Nc6 11. Bxf6 Bxf6 12. Rab1 Ne5 13. Qe2 Nxc4 14. Qxc4 Bxc3 15. Qxc3 Bd7 16. Rfe1 Qc8 17. Qd3 Qc7 18. c4 Bc6 19. b4 b6 20. b5 Bb7 21. a4 Rac8 22. Rec1 d5 23. exd5 exd5 24. Rb4 dxc4 25. Rcxc4 Qe7 26. Qf1 Rxc4 27. Rxc4 a6 28. Qd3 Qe1+ 29. Qf1 Qxf1+ 30. Kxf1 Rc8 31. bxa6 Bxa6 32. Ke1 Rxc4 33. Kd2 Rxa4 34. g3 Rc4 35. h4 b5 36. f4 b4 37. Kd3 b3 38. Kd2 b2 39. h5 b1=Q 40. Ke3 Rc3+ 41. Kf2 Qb2+ 42. Kg1 Rc1# 0-1

[Event "NOR-ch Youth 2019"]
[Site "Skien"]
[Date "2019.11.09"]
[Round "3.2"]
[White "Lund, Gunnar"]
[Black "Fossan, Aleksander"]
[Result "1/2-1/2"]
[ECO "A45"]
[WhiteElo "2274"]
[BlackElo "2179"]
[Annotator "RC"]
[PlyCount "80"]
[EventDate "2019.11.08"]
[EventType "swiss"]
[EventCountry "NOR"]
[SourceTitle "playchess.com"]
[Source "ChessBase"]
[SourceQuality "1"]
[TimeControl "2400+10"]

1. d4 Nf6 2. Bg5 c5 3. d5 Ne4 4. Bf4 Qb6 5. Bc1 e6 6. f3 Nf6 7. e4 exd5 8. exd5 Be7 9. Nc3 O-O 10. Nh3 Bd6 11. Be2 a6 12. a4 Qb4 13. O-O Be5 14. Ra3 d6 15. f4 Bd4+ 16. Nf2 Nbd7 17. Kh1 Bxf2 18. Rxf2 Qd4 19. Rf1 Nb6 20. a5 Nbxd5 21. Qxd4 cxd4 22. Nxd5 Nxd5 23. Rd3 Ne3 24. Bxe3 dxe3 25. Rxe3 Bf5 26. Bd3 Bxd3 27. Rxd3 Rac8 28. c3 Rc6 29. Rfd1 Re8 30. Kg1 Re6 31. f5 Rf6 32. Rd5 Kf8 33. R1d4 b6 34. h3 Ke7 35. Rh4 h6 36. Rg4 g6 37. fxg6 fxg6 38. axb6 Rxb6 39. b4 Rb5 40. Rgd4 Kd7 1/2-1/2

[Event "NOR-ch Youth 2019"]
[Site "Skien"]
[Date "2019.11.09"]
[Round "3.4"]
[White "Unhjem, Bjorn Robert Lovoll"]
[Black "Holand, Per Fredrik"]
[Result "1-0"]
[ECO "B40"]
[WhiteElo "1942"]
[BlackElo "1927"]
[Annotator "NA RC"]
[PlyCount "59"]
[EventDate "2019.11.08"]
[EventType "swiss"]
[EventCountry "NOR"]
[SourceTitle "playchess.com"]
[Source "ChessBase"]
[SourceQuality "1"]
[TimeControl "2400+10"]

1. e4 c5 2. Nf3 e6 3. d4 cxd4 4. Nxd4 Nf6 5. Bd3 Nc6 6. Nb3 d5 7. exd5 exd5 8. O-O {[%emt 0:00:06] B40: Sicilian: 2...e6, Unusual lines} Be7 9. Nc3 O-O 10. Bg5 h6 (10... Be6 11. Ne2 h6 12. Bh4 Qb6 13. c3 Rad8 14. Qc2 Ng4 15. Bxe7 Qc7 {1-0 (46) Megaranto,S (2532)-Sadorra,J (2470) Kuala Lumpur 2008}) 11. Bh4 Bg4 12. Be2 Bf5 $146 ({Predecessor:} 12... Be6 13. Nd4 Nxd4 14. Qxd4 Nd7 15. Bxe7 Qxe7 {0-1 (79) Karlsson,R-Sampaoli,C (2201) ICC INT 2009}) 13. Bf3 d4 14. Nb5 d3 15. c3 Qd7 16. N5d4 Bg6 17. Re1 Rfe8 18. Qd2 Nxd4 19. Nxd4 Bc5 20. Bxf6 gxf6 21. Nb3 Bf8 22. Rad1 Kh7 23. Qf4 h5 24. Be4 ({Don't play} 24. Qxf6 Rxe1+ 25. Rxe1 d2 $17) 24... Bh6 25. Bxg6+ fxg6 26. Qd4 Qf5 27. Rxe8 Rxe8 28. g3 {[%emt 0:00:43] [#]} (28. h3 $11 {remains equal.}) 28... Re2 (28... h4 $1 $17 29. Qxh4 Re2) 29. Rxd3 Be3 $18 (29... Rxf2 $11 {and Black has nothing to worry.} 30. Qd7+ {[%mdl 64] Double Attack} Kg8) 30. Qd7+ {[%emt 0:00:03] Double Attack} 1-0

[Event "NOR-ch Youth 2019"]
[Site "Skien"]
[Date "2019.11.09"]
[Round "3.6"]
[White "Opseth, Oliver"]
[Black "Gaure, Sigurd Lauvas"]
[Result "1/2-1/2"]
[ECO "B53"]
[WhiteElo "1795"]
[BlackElo "1648"]
[Annotator "NA"]
[PlyCount "133"]
[EventDate "2019.11.08"]
[EventType "swiss"]
[EventCountry "NOR"]
[SourceTitle "playchess.com"]
[Source "ChessBase"]
[SourceQuality "1"]
[TimeControl "2400+10"]

1. e4 c5 2. Nf3 d6 3. d4 cxd4 4. Qxd4 Nc6 5. Bb5 Nf6 6. Nc3 g6 7. Bg5 Bg7 8. Qd2 O-O 9. Bh6 Bg4 10. Bxg7 Kxg7 11. O-O-O a6 12. Be2 Qa5 13. h3 Be6 14. a3 b5 15. Nd4 Rfc8 16. Nxc6 Rxc6 17. e5 dxe5 18. Bf3 e4 19. Nxe4 Qxd2+ 20. Rxd2 Bd5 21. Re1 Rac8 22. Re3 a5 23. Nxf6 Bxf3 24. Rxf3 exf6 25. Rfd3 b4 26. axb4 axb4 27. Rd8 Ra6 28. Kd1 Rc5 29. R2d5 Rcc6 30. Rb8 Rc4 31. b3 Re4 32. Kd2 Rae6 33. Kd3 f5 34. Rd4 Re2 35. Rf4 Kf6 36. Rb6 Rxb6 37. Kxe2 Kg5 38. Rd4 f4 39. Kf3 Rc6 40. Rxf4 Rc3+ 41. Ke4 f5+ 42. Ke5 Rxc2 43. Rxb4 Rxf2 44. Rb7 h5 45. b4 Rxg2 46. b5 Rg3 47. b6 Rxh3 48. Rb8 Rb3 49. b7 h4 50. Kd6 h3 51. Kc7 Rc3+ 52. Kd6 Rb3 53. Kc7 h2 54. Rh8 Kf4 55. Rxh2 g5 56. Rf2+ Kg4 57. Rg2+ Kh4 58. b8=Q Rxb8 59. Kxb8 f4 60. Kc7 f3 61. Ra2 Kg3 62. Kd6 f2 63. Ra1 Kg2 64. Ke5 g4 65. Kf4 f1=Q+ 66. Rxf1 Kxf1 67. Kxg4 1/2-1/2

[Event "NOR-ch Youth 2019"]
[Site "Skien"]
[Date "2019.11.09"]
[Round "3.12"]
[White "Johannessen, Heine N"]
[Black "Unneland, Mathias"]
[Result "0-1"]
[ECO "D43"]
[WhiteElo "1772"]
[BlackElo "2029"]
[Annotator "NA RC"]
[PlyCount "116"]
[EventDate "2019.11.08"]
[EventType "swiss"]
[EventCountry "NOR"]
[SourceTitle "playchess.com"]
[Source "ChessBase"]
[SourceQuality "1"]
[TimeControl "2400+10"]

1. d4 Nf6 2. Nf3 e6 3. c4 d5 4. Nc3 c6 5. Bg5 h6 6. Bxf6 Qxf6 7. e3 Nd7 8. Be2 g6 {[%emt 0:00:08] D43: Semi-Slav: 5 Bg5 h6} 9. O-O Bg7 10. Qb3 $146 (10. cxd5 exd5 11. b4 a6 12. a4 O-O 13. b5 a5 14. Rc1 Re8 15. Qb3 Qd6 16. Rfd1 {0-1 (65) Yu,Y (2784)-Korobov,A (2756) Hengshui 2019}) 10... O-O 11. Rfd1 dxc4 12. Qxc4 e5 13. dxe5 Nxe5 14. Nxe5 Qxe5 15. Bf3 Be6 16. Qd4 Qa5 17. Qf4 Kh7 18. h4 Be5 ({But not} 18... Bxc3 19. bxc3 Qxc3 20. Rab1 $11) 19. Qe4 Bxc3 20. bxc3 Qxc3 21. h5 Qf6 22. Qb4 Rab8 23. Rab1 b6 24. Bxc6 Bxa2 25. Rd6 Qf5 (25... Be6 $11) 26. hxg6+ (26. Ra1 $16 a5 27. Qd4) 26... fxg6 27. Rb2 Be6 28. Rbd2 Rf7 $2 (28... Rbc8 $11) 29. Be4 Qe5 30. f4 Qa1+ 31. Rd1 Qf6 32. Qb1 Rg8 33. Bd5 ({Better is} 33. Rc6 $16) 33... Re8 34. Bc6 Ree7 35. Qe4 Kg7 36. R1d2 Qa1+ 37. Rd1 Qf6 38. R1d2 Bf5 39. Qb4 Qh4 40. Qd4+ Kh7 41. Rd8 Qf6 42. Qxf6 Rxf6 43. e4 Rxc6 44. exf5 gxf5 45. R2d5 Rc5 46. R8d7 Rc7 47. Rd8 Rf7 48. Kh2 Rc4 49. g3 a5 50. Rb8 Rc6 51. Kh3 Ra7 52. Rxf5 a4 53. Rff8 a3 54. Rh8+ Kg6 $17 55. Rbf8 $2 (55. Kg4 $17 {is a better defense.}) 55... a2 56. f5+ Kh5 57. g4+ Kg5 58. Rhg8+ Kf4 0-1

[Event "NOR-ch Youth 2019"]
[Site "Skien"]
[Date "2019.11.09"]
[Round "3.14"]
[White "Nordquelle, Amelia"]
[Black "Tunsjo, Axel"]
[Result "1-0"]
[ECO "E39"]
[WhiteElo "1670"]
[BlackElo "2038"]
[Annotator "NA RC"]
[PlyCount "99"]
[EventDate "2019.11.08"]
[EventType "swiss"]
[EventCountry "NOR"]
[SourceTitle "playchess.com"]
[Source "ChessBase"]
[SourceQuality "1"]
[TimeControl "2400+10"]

1. d4 Nf6 2. c4 e6 3. Nc3 Bb4 4. Qc2 c5 5. Nf3 Nc6 6. dxc5 Bxc5 7. a3 O-O 8. b4 Be7 9. Bb2 {[%emt 0:02:29] E39: Nimzo-Indian: Classical: 4...c5 5 dxc5 0-0} a5 10. b5 Nb8 $1 11. O-O-O $146 (11. g4 $14) ({Predecessor:} 11. e3 d6 12. Be2 h6 13. Nd4 Qc7 14. g4 Re8 15. h4 e5 16. Nf5 Bxf5 17. Qxf5 {1-0 (29) Tristan,L (2450)-Godoy Olazabal,A (2141) Buenos Aires 2013}) 11... Qc7 12. e3 d6 13. Bd3 Nbd7 14. Na4 b6 15. Nd4 ({Better is} 15. Nd2 $11) 15... Bb7 16. f4 Rac8 17. Kb1 d5 18. cxd5 Bxd5 {[%emt 0:00:12] [#]} 19. Nc3 (19. Nc6 $1 $11 Bxc6 20. bxc6 Qxc6 {[#]} 21. Bxh7+ $1 Kh8 22. Qxc6 Rxc6 23. Bd3) 19... Bc4 $2 (19... Ba8 $17 {keeps the pressure on.} 20. Rc1 Nc5) 20. Nc6 Nb8 21. Bxc4 Nxc6 22. bxc6 Qxc6 23. Bd3 b5 24. Bxb5 Qb6 25. a4 Bb4 26. Rd3 Ne4 27. Rc1 Rc5 28. Qb3 ({Resist} 28. Nxe4 Rxc2 29. Rxc2 h6 $18) 28... Bxc3 29. Bxc3 Rfc8 30. Bb2 Qb7 (30... Rxc1+ $142 31. Bxc1 Rxc1+ 32. Kxc1 Nc5) 31. Qd1 (31. Rxc5 $142 Nxc5 {[#]} 32. Qc3 $1 {[%mdl 576] Double Attack}) 31... Rxc1+ 32. Bxc1 Qc7 33. Bb2 Nf2 34. Qd2 ({Don't play} 34. Be5 $6 Qe7 $18) 34... Nxd3 35. Qxd3 Qe7 36. Qd4 f6 37. Qd7 Qc5 38. Qxe6+ Kh8 39. Ka2 Rf8 40. Qe4 g6 {[%emt 0:01:18] [#]} (40... Qh5 $142 41. Bc3 Qxh2 42. Bxa5 Qh5) 41. Ba3 $1 Qb6 42. Bxf8 Qd8 43. Ba3 Qd2+ {[%emt 0:00:07] [#]} 44. Bb2 $1 Kg7 45. Bc4 Qb4 46. Qc6 {[%emt 0:00:06] Remove Defender} Kh6 47. Qb5 Qd2 48. Qb6 Qd7 49. Bb3 f5 50. Qf6 1-0

[Event "NOR-ch Youth 2019"]
[Site "Skien"]
[Date "2019.11.09"]
[Round "3.15"]
[White "Eliseev, Sergey"]
[Black "Austad, Eirik"]
[Result "1-0"]
[ECO "B07"]
[WhiteElo "1911"]
[BlackElo "1753"]
[Annotator "NA RC"]
[PlyCount "45"]
[EventDate "2019.11.08"]
[EventType "swiss"]
[EventCountry "NOR"]
[SourceTitle "playchess.com"]
[Source "ChessBase"]
[SourceQuality "1"]
[TimeControl "2400+10"]

1. e4 d6 2. d4 Nf6 3. Nc3 c6 4. Nf3 Bg4 5. h3 Bxf3 (5... Bh5 6. g4 Bg6 7. Bd3 e6 8. g5 Nfd7 9. Be3 Bh5 10. Be2 d5 11. Nd2 Bxe2 12. Nxe2 a5 13. c3 a4 14. h4 {1-0 (32) Zhigalko,S (2671)-Zhang,Z (2645) Doha 2016}) 6. Qxf3 {[%emt 0:00:15] B07: Pirc Defence: Miscellaneous Systems} e6 7. Bd3 d5 8. e5 Nfd7 9. Ne2 c5 10. c3 Nc6 11. O-O Be7 12. Qg4 $146 ({Predecessor:} 12. Qg3 g6 13. Be3 Qc7 14. f4 O-O-O 15. Qf2 cxd4 16. Nxd4 Nxd4 17. Bxd4 {½-½ (68) Krutyanski,A-Khalilbeili,S Riga 1954}) 12... Kf8 13. b3 ({White should play} 13. Nf4 $16) 13... Rc8 14. f4 g6 $2 {[%emt 0:02:41] [#]} (14... cxd4 $14 15. Nxd4 h5) 15. f5 $1 h5 16. Qf4 exf5 {[%emt 0:02:08] [#]} 17. Bxf5 $1 gxf5 18. Qxf5 Qe8 19. Nf4 $2 (19. e6 $18 {and the rest is easy.} Nf6 20. Bg5) 19... Kg8 20. Rf3 ({Don't play} 20. Nxd5 $6 Rh7 $11) (20. e6 $16 fxe6 21. Qxe6+ Kg7 22. Qxd5) 20... h4 $2 (20... Bh4 $11) 21. e6 $2 (21. Qg4+ Kh7 22. Nxd5 Nxd4 23. cxd4) 21... Nf6 $2 (21... fxe6 22. Qxe6+ Kg7) 22. exf7+ Kxf7 23. Qg6+ 1-0

[Event "NOR-ch Youth 2019"]
[Site "Skien"]
[Date "2019.11.09"]
[Round "3.16"]
[White "Steensen, Oskar"]
[Black "Olsen, William Alexander"]
[Result "0-1"]
[ECO "B13"]
[WhiteElo "1457"]
[BlackElo "1842"]
[Annotator "NA RC"]
[PlyCount "148"]
[EventDate "2019.11.08"]
[EventType "swiss"]
[EventCountry "NOR"]
[SourceTitle "playchess.com"]
[Source "ChessBase"]
[SourceQuality "1"]
[TimeControl "2400+10"]

1. e4 c6 2. Nf3 d5 3. exd5 cxd5 4. d4 Nc6 5. Bd3 Bg4 6. c3 e6 7. O-O {[%emt 0:00:17] B13: Caro-Kann: Exchange Variation and Panov-Botvinnik Attack} Bd6 8. h3 (8. Nbd2 Nge7 9. Re1 Qc7 10. Nf1 O-O-O 11. b4 Kb8 12. Bd2 f6 13. Be2 h5 14. a4 g5 {½-½ (40) Narva,M (2266)-Kovalenko,I (2702) Riga 2015}) 8... Bh5 9. Re1 $1 Nge7 10. Nbd2 O-O ({Better is} 10... h6 $11) 11. Qc2 (11. Bxh7+ $5 Kxh7 12. Ng5+ {[%mdl 64] Discovered Attack} Kg6 13. Ndf3 Bxf3 14. Qxf3 $14) 11... Bg6 12. Ne5 $146 ({Predecessor:} 12. Nb3 Nf5 13. Qe2 h6 14. Bd2 Rc8 {1-0 (49) Kern,M (1831)-Newton,H (2002) IECC email 2002}) 12... Bxe5 13. dxe5 Rc8 14. Bxg6 Nxg6 15. Nf3 Qc7 16. Qe2 Qb6 17. Qe3 d4 18. cxd4 $2 {[%emt 0:01:12] [#]} (18. Nxd4 $11 Ncxe5 19. b3) 18... Nb4 $1 19. Qb3 Nc2 {[%emt 0:00:22] Double Attack} 20. Qxb6 axb6 21. Bd2 Nxa1 22. Rxa1 Ne7 23. Bb4 Rfe8 24. Bxe7 Rxe7 25. Rd1 Rd7 26. b3 Rc2 27. Rd2 (27. Ng5 {keeps fighting.}) 27... Rxd2 28. Nxd2 Rxd4 29. Nc4 b5 30. Na3 Rd1+ (30... b4 $142 31. Nc2 Rd1+ 32. Kh2 Rd2 {[%mdl 64] Double Attack} 33. Nxb4 Rxf2) 31. Kh2 Rd2 32. Nxb5 Rxa2 33. Nd6 Rb2 34. Nxb7 Rxb3 35. Nd6 Rd3 36. h4 Rd5 37. f4 f6 38. Nc8 Rc5 39. Nb6 fxe5 40. Nd7 Rc4 41. fxe5 Rxh4+ 42. Kg3 Rd4 43. Nc5 {[%emt 0:00:47] [#]} Kf7 (43... Rd5 $142 $1 44. Nxe6 Rxe5) 44. Nb7 Ke7 $19 45. Kf3 Rd5 46. Kf4 Kd7 47. g4 Kc7 48. Nd6 Rxd6 49. exd6+ Kxd6 50. Ke4 g5 51. Kd4 e5+ 52. Ke4 Ke6 53. Ke3 Kd5 54. Kd3 e4+ 55. Ke3 Ke5 56. Ke2 Kf4 57. Kf2 Kxg4 58. Ke3 Kf5 59. Kf2 Kf4 60. Ke2 g4 61. Kf2 g3+ 62. Kg2 e3 63. Kf1 Kf3 64. Ke1 g2 65. Kd1 g1=Q+ 66. Kc2 e2 67. Kd3 Qe3+ 68. Kc2 Qd4 69. Kb3 Qc5 70. Kb2 Qc4 71. Ka3 Qb5 72. Ka2 Qb4 73. Ka1 e1=Q+ 74. Ka2 Qeb1# 0-1

[Event "NOR-ch Youth 2019"]
[Site "Skien"]
[Date "2019.11.09"]
[Round "3.17"]
[White "Rekdal, Yngve Mahle"]
[Black "Strand, Vetle Bjorge"]
[Result "0-1"]
[ECO "D14"]
[WhiteElo "1213"]
[BlackElo "1695"]
[Annotator "NA RC"]
[PlyCount "132"]
[EventDate "2019.11.08"]
[EventType "swiss"]
[EventCountry "NOR"]
[SourceTitle "playchess.com"]
[Source "ChessBase"]
[SourceQuality "1"]
[TimeControl "2400+10"]

1. d4 d5 2. c4 c6 3. cxd5 cxd5 4. Nc3 Nf6 5. Bf4 Bf5 6. e3 e6 7. Nf3 Nc6 8. Nh4 Bg6 9. Nxg6 hxg6 10. Bd3 a6 11. a3 Bd6 12. Bxd6 Qxd6 13. h3 Rc8 14. Rc1 g5 15. Be2 O-O 16. O-O Ne7 17. Bd3 b5 18. b4 Nd7 19. Qh5 f5 20. Qxg5 Nb6 21. f4 Rf6 22. Qg3 Nc4 23. Bxc4 Rxc4 24. Ne2 Nc8 25. Rxc4 dxc4 26. Nc3 Nb6 27. Qf3 Nd5 28. Nxd5 exd5 29. Rc1 Re6 30. Rc3 Re4 31. Qf2 Qe7 32. Kf1 Kf7 33. g4 g6 34. Qg3 Qe8 35. Kf2 Qe7 36. Kf3 Qf6 37. gxf5 Qxf5 38. Qh4 Qh5+ 39. Qxh5 gxh5 40. Rc1 Re6 41. Rg1 Rg6 42. Rg5 h4 43. Rf5+ Ke6 44. Re5+ Kd6 45. f5 Rg3+ 46. Kf4 Rxh3 47. f6 Rh1 48. Kg5 Rf1 49. e4 dxe4 50. Rxe4 c3 51. Re2 h3 52. Kg6 Rg1+ 53. Kh6 Rf1 54. Kg7 Rg1+ 55. Kf8 Rg2 56. Re1 h2 57. Rh1 c2 58. Ke8 Re2+ 59. Kd8 Ke6 60. Rf1 Kf7 61. d5 Rd2 62. Rh1 Rxd5+ 63. Kc7 Rd1 64. Rxh2 c1=Q+ 65. Kb6 Rd6+ 66. Ka5 Qxa3# 0-1

[Event "NOR-ch Youth 2019"]
[Site "Skien"]
[Date "2019.11.09"]
[Round "3.18"]
[White "Helliesen, Lykke-Merlot"]
[Black "Dobroliubov, Yan"]
[Result "1-0"]
[ECO "D02"]
[WhiteElo "1619"]
[BlackElo "1604"]
[Annotator "NA RC"]
[PlyCount "83"]
[EventDate "2019.11.08"]
[EventType "swiss"]
[EventCountry "NOR"]
[SourceTitle "playchess.com"]
[Source "ChessBase"]
[SourceQuality "1"]
[TimeControl "2400+10"]

1. d4 d5 2. Bf4 Nf6 3. e3 e6 4. Nf3 c5 5. c3 Nc6 6. Nbd2 Qb6 7. Qb3 Na5 8. Qc2 Nh5 9. Bg3 Nxg3 10. hxg3 Bd7 11. dxc5 Qc7 12. b4 Nc6 13. Rxh7 Rxh7 14. Qxh7 a5 15. Qb1 axb4 16. cxb4 Ra4 17. a3 b6 18. b5 Nd8 19. c6 Bc8 20. Qb3 Qa7 21. Nb1 Be7 22. Be2 f6 23. Bd1 Ra5 24. a4 Nf7 25. Nc3 Nd6 26. Nd2 Qa8 27. e4 d4 28. Ne2 Nxb5 29. Nc4 Nc7 30. Nxa5 Qxa5+ 31. Kf1 Nb5 32. Qxb5 Qd2 33. c7+ Kf7 34. Qh5+ g6 35. Qh7+ Ke8 36. Qxg6+ Kd7 37. Qg4 Kxc7 38. Qf4+ Qxf4 39. Nxf4 e5 40. Nd5+ Kd6 41. Nxb6 Bd8 42. Nxc8+ 1-0

[Event "NOR-ch Youth 2019"]
[Site "Skien"]
[Date "2019.11.09"]
[Round "3.19"]
[White "Waage, Oline Sundby"]
[Black "Brattgjerd, Isak Vinh"]
[Result "0-1"]
[ECO "B50"]
[WhiteElo "1247"]
[BlackElo "1699"]
[Annotator "NA RC"]
[PlyCount "104"]
[EventDate "2019.11.08"]
[EventType "swiss"]
[EventCountry "NOR"]
[SourceTitle "playchess.com"]
[Source "ChessBase"]
[SourceQuality "1"]
[TimeControl "2400+10"]

1. e4 c5 2. Nf3 d6 3. Bc4 Nf6 4. d3 e6 5. Nc3 d5 6. Bb5+ Bd7 7. Bxd7+ Nbxd7 8. Bg5 Be7 9. Qd2 h6 10. Bxf6 Nxf6 11. O-O O-O 12. h3 Qc7 13. Rfe1 Rfe8 14. a4 Rad8 15. Qe2 Qb6 16. b3 a6 17. a5 Qc7 18. Qd2 c4 19. exd5 exd5 20. Rec1 Bb4 21. d4 Ne4 22. Nxd5 Bxd2 23. Nxc7 Re7 24. Nxd2 Nxd2 25. Rd1 c3 26. Nxa6 bxa6 27. Ra4 Red7 28. Re1 Rxd4 29. Rxd4 Rxd4 30. Re8+ Kh7 31. Ra8 Rd6 32. Rb8 Rd5 33. b4 Nc4 34. b5 Rxb5 35. Rxb5 axb5 36. a6 Kg6 37. a7 Nb6 38. Kf1 Kf5 39. Ke2 Ke4 40. Kd1 Kd4 41. Kc1 Kc4 42. g3 g5 43. g4 b4 44. Kb1 b3 45. cxb3+ Kxb3 46. Kc1 c2 47. f3 Kc3 48. a8=Q Nxa8 49. h4 gxh4 50. g5 h3 51. gxh6 h2 52. h7 h1=Q# 0-1

[Event "NOR-ch Youth 2019"]
[Site "Skien"]
[Date "2019.11.09"]
[Round "3.20"]
[White "Ostensen, Nicolai Maxime"]
[Black "Salte, Hakon"]
[Result "1-0"]
[ECO "A05"]
[WhiteElo "1691"]
[BlackElo "1285"]
[Annotator "NA RC"]
[PlyCount "55"]
[EventDate "2019.11.08"]
[EventType "swiss"]
[EventCountry "NOR"]
[SourceTitle "playchess.com"]
[Source "ChessBase"]
[SourceQuality "1"]
[TimeControl "2400+10"]

1. e4 g6 2. Nc3 d6 3. Nf3 Nf6 4. d3 Bg7 5. g3 Nc6 6. Bg2 O-O 7. O-O e5 8. Nh4 Qe7 9. Bg5 Be6 10. Qc1 Qd7 11. f4 exf4 12. Bxf4 Bh3 13. Bg5 Bxg2 14. Kxg2 Nh5 15. Bh6 Nd4 16. Bxg7 Kxg7 17. Nf3 Ne6 18. Qe3 c6 19. Rae1 b5 20. a3 a5 21. Na2 Rab8 22. c3 Rfe8 23. Ng5 f5 24. exf5 Nef4+ 25. gxf4 Rxe3 26. Rxe3 Qxf5 27. Re7+ Kf6 28. Rf7# 1-0

[Event "NOR-ch Youth 2019"]
[Site "Skien"]
[Date "2019.11.09"]
[Round "4.2"]
[White "Fossan, Aleksander"]
[Black "Unhjem, Bjorn Robert Lovoll"]
[Result "1/2-1/2"]
[ECO "B22"]
[WhiteElo "2179"]
[BlackElo "1942"]
[Annotator "NA"]
[PlyCount "54"]
[EventDate "2019.11.08"]
[EventType "swiss"]
[EventCountry "NOR"]
[SourceTitle "playchess.com"]
[Source "ChessBase"]
[SourceQuality "1"]
[TimeControl "5400+30"]

1. e4 c5 2. c3 Nf6 3. e5 Nd5 4. d4 e6 5. Nf3 cxd4 6. cxd4 d6 7. Bc4 Nc6 8. O-O Be7 9. a3 Qc7 {[%emt 0:00:32] B22: Sicilian: 2 c3} 10. Re1 O-O 11. Bd3 Qd8 $146 ({Predecessor:} 11... dxe5 12. dxe5 Rd8 13. Qe2 g6 14. Bd2 b6 15. Nc3 Nxc3 16. Bxc3 Bb7 17. h4 Rd7 18. h5 Rad8 19. Bb5 Qc8 20. Qe3 {1-0 (32) Kharlov,A (2639)-Gallagher,J (2519) Kolkata 2001}) 12. Qc2 h6 13. Nc3 Bd7 14. Ne4 ({White should try} 14. Qe2 $16) 14... dxe5 15. dxe5 Qc7 16. Ng3 Rac8 (16... Rad8 $14) 17. Qe2 Bc5 (17... Qb6 $16) 18. Nh4 Nce7 19. Nh5 f5 20. Qf3 {[%emt 0:06:45] [#]} Be8 $17 21. Bxh6 Bxh5 22. Qxh5 gxh6 23. Qxh6 Qb6 24. Qg5+ Kf7 25. Qh5+ Kg7 26. Qg5+ Kf7 27. Qh5+ Kg7 1/2-1/2

[Event "NOR-ch Youth 2019"]
[Site "Skien"]
[Date "2019.11.09"]
[Round "4.4"]
[White "Hestvik, Elias"]
[Black "Holm, Karl Oskar Magnus"]
[Result "1/2-1/2"]
[ECO "B01"]
[WhiteElo "1784"]
[BlackElo "1751"]
[Annotator "NA RC"]
[PlyCount "79"]
[EventDate "2019.11.08"]
[EventType "swiss"]
[EventCountry "NOR"]
[SourceTitle "playchess.com"]
[Source "ChessBase"]
[SourceQuality "1"]
[TimeControl "5400+30"]

1. e4 d5 2. exd5 Qxd5 3. d4 e5 4. dxe5 Qxd1+ 5. Kxd1 Nc6 6. f4 Bf5 7. c3 O-O-O+ 8. Nd2 f6 9. Ngf3 Nge7 10. Bc4 Nd5 11. Bxd5 Rxd5 12. exf6 gxf6 13. b4 Bh6 14. g3 Rhd8 15. Ke2 Rd3 16. h3 Rxc3 17. Bb2 Re8+ 18. Kf2 Rc2 19. Bxf6 Nxb4 20. Be5 Nd3+ 21. Ke2 Nxe5 22. Nxe5 Bg7 23. Ke3 Rc3+ 24. Kf2 Bxe5 25. fxe5 Rxe5 26. g4 Rc2 27. Rad1 Rd5 28. gxf5 Rcxd2+ 29. Rxd2 Rxd2+ 30. Ke3 Rd7 31. Kf4 Kd8 32. Rg1 Ke8 33. Ke5 Rf7 34. Ke6 Re7+ 35. Kf6 Rf7+ 36. Ke6 Re7+ 37. Kf6 Rf7+ 38. Ke5 c5 39. f6 c4 40. Rg7 1/2-1/2

[Event "NOR-ch Youth 2019"]
[Site "Skien"]
[Date "2019.11.09"]
[Round "4.5"]
[White "Eckholdt, Carl Marcus"]
[Black "Opseth, Oliver"]
[Result "0-1"]
[ECO "A45"]
[WhiteElo "1298"]
[BlackElo "1795"]
[Annotator "NA RC"]
[PlyCount "124"]
[EventDate "2019.11.08"]
[EventType "swiss"]
[EventCountry "NOR"]
[SourceTitle "playchess.com"]
[Source "ChessBase"]
[SourceQuality "1"]
[TimeControl "5400+30"]

1. d4 c5 2. dxc5 Nc6 3. e4 e6 4. Be3 Nf6 5. Nc3 Qa5 6. Bd3 Bxc5 7. Bxc5 Qxc5 8. Nf3 O-O 9. O-O e5 10. Nd5 Nxd5 11. exd5 Ne7 12. Nxe5 Nxd5 13. Qf3 Nf6 14. Rfe1 d5 15. Bf5 Bxf5 16. Qxf5 Rad8 17. Nf3 Qb6 18. b3 Ne4 19. Re3 Rde8 20. Rae1 Rd8 21. Rd1 Qc6 22. Nd4 Qc8 23. Red3 Rfe8 24. Qxc8 Rxc8 25. Nf5 Rxc2 26. Rxd5 h6 27. Rd7 Nc5 28. Ne3 Rxa2 29. Rc7 Ne4 30. Nc2 Nf6 31. Ne3 Ne4 32. Nc2 Rb2 33. b4 Kh7 34. g3 Re6 35. Rxf7 Rxc2 36. Rdd7 Rg6 37. Rxb7 Nd6 38. Rbc7 Nxf7 39. Rxc2 Rb6 40. Rc7 Ne5 41. Rxa7 Rxb4 42. Kg2 Rb2 43. Re7 Nd3 44. Rf7 Kg6 45. Rf8 Rb6 46. Rd8 Ne5 47. h3 Rb7 48. g4 Rd7 49. Re8 Nf7 50. h4 Rd4 51. Kg3 Nd6 52. Rf8 Ne4+ 53. Kh3 Nf6 54. g5 hxg5 55. hxg5 Kxg5 56. Rf7 g6 57. Rb7 Ne4 58. f3 Nd6 59. Rb2 Rh4+ 60. Kg3 Nf5+ 61. Kg2 Rd4 62. Ra2 Kf4 0-1

[Event "NOR-ch Youth 2019"]
[Site "Skien"]
[Date "2019.11.09"]
[Round "4.9"]
[White "Lystad, Maximilian L"]
[Black "Nilsen, Tobias Lang"]
[Result "0-1"]
[ECO "A34"]
[WhiteElo "1612"]
[BlackElo "2016"]
[Annotator "NA RC"]
[PlyCount "86"]
[EventDate "2019.11.08"]
[EventType "swiss"]
[EventCountry "NOR"]
[SourceTitle "playchess.com"]
[Source "ChessBase"]
[SourceQuality "1"]
[TimeControl "5400+30"]

1. c4 Nf6 2. Nc3 c5 3. g3 d5 4. cxd5 Nxd5 5. Bg2 Nc7 6. Nf3 Nc6 7. d3 e5 8. O-O Be7 9. b3 O-O 10. Bb2 Bd7 11. Rc1 f6 12. Ne4 Ne6 13. Nfd2 Be8 14. Ba3 b6 15. Nc3 Rc8 16. Nd5 $15 Bh5 17. Nc4 Ned4 18. Re1 Kh8 19. Nxe7 Qxe7 20. f3 Rcd8 21. e3 Ne6 22. Qc2 Bg6 23. Rcd1 b5 24. f4 bxc4 25. Bxc6 cxd3 26. Qc3 e4 27. Rd2 Qc7 28. Bb5 Qb6 29. Bc4 Nc7 30. Rc1 Rc8 31. Qa1 Qa5 32. Qb2 Rb8 33. Rc3 Rfc8 34. Qc1 Be8 35. Kf2 Rb4 36. Bb2 Rbb8 37. Ba3 Bd7 38. Bb2 Qb6 39. Ba3 a6 40. Bf7 Nb5 41. Bxc5 Qb7 42. Rc4 Bg4 43. Bd4 Qxf7 0-1

[Event "NOR-ch Youth 2019"]
[Site "Skien"]
[Date "2019.11.09"]
[Round "4.11"]
[White "Dahl, Max"]
[Black "Shehzad, Shazil"]
[Result "0-1"]
[ECO "D38"]
[WhiteElo "1922"]
[BlackElo "2173"]
[Annotator "NA"]
[PlyCount "100"]
[EventDate "2019.11.08"]
[EventType "swiss"]
[EventCountry "NOR"]
[SourceTitle "playchess.com"]
[Source "ChessBase"]
[SourceQuality "1"]
[TimeControl "5400+30"]

1. Nf3 d5 2. d4 Nf6 3. c4 e6 4. cxd5 exd5 5. Nc3 Bb4 6. Bg5 h6 7. Bxf6 Qxf6 8. a3 Bxc3+ $1 9. bxc3 O-O 10. e3 Nc6 11. Bd3 Bf5 12. Bxf5 Qxf5 13. O-O Na5 14. Qb1 Qe6 15. Qd3 c6 16. Nd2 Rfd8 17. Rfb1 b6 18. Rc1 $11 Rac8 19. Rab1 Qd6 20. c4 c5 21. dxc5 Rxc5 22. Rb5 dxc4 23. Qxd6 Rxd6 24. Rxc5 bxc5 25. Ne4 Rd3 26. Nxc5 Rxa3 27. Kf1 Nb3 28. Nxb3 cxb3 29. Rb1 a5 30. Ke2 Ra2+ 31. Kd3 a4 32. Kc3 Rxf2 33. Kb4 Rxg2 34. Kxa4 b2 35. Kb3 Rxh2 36. Kc3 Kf8 37. Kd4 Ke7 38. Ke5 Rh5+ 39. Kd4 Rb5 40. e4 h5 41. Ke3 g5 42. Kf3 Ke6 43. Ke3 Ke5 44. Kd3 h4 45. Kc4 Rb8 46. Kd3 h3 47. Ke3 h2 48. Kf2 h1=Q 49. Rxh1 b1=Q 50. Rxb1 Rxb1 0-1